 Dungeon Crawl Stone Soup version 0.21-a0-338-g36cf2fc (webtiles) character file.

2268 Goblin1989 the Skirmisher (level 9, -17/74 HPs)
             Began as a Gnoll Fighter on Oct 2, 2017.
             Was an Initiate of Gozag.
             Demolished by a white ugly thing (35 damage)
             ... on level 8 of the Dungeon on Oct 4, 2017.
             The game lasted 00:17:31 (5655 turns).

Goblin1989 the Skirmisher (Gnoll Fighter)           Turns: 5655, Time: 00:17:33

Health: -17/74     AC: 12    Str: 21    XL:     9   Next: 38%
Magic:  15/15      EV: 13    Int: 10    God:    Gozag
Gold:   607        SH: 11    Dex: 16    Spells: 16/16 levels left

rFire    . . .     SeeInvis .   a - +2 flail (crush)
rCold    . . .     Gourm    .   c - +0 shield
rNeg     . . .     Faith    .   G - +0 scale mail
rPois    .         Spirit   .   (no helmet)
rElec    .         Reflect  .   u - +2 cloak
rCorr    .         Harm     .   (no gloves)
MR       .....                  z - +0 pair of boots (curse)
Stlth    +.........             (no amulet)
HPRegen  0.22/turn              x - +2 ring of evasion
MPRegen  0.14/turn              (no ring)

@: no status effects
A: distributed training, fangs 1, strong nose
a: Potion Petition, Call Merchant, Bribe Branch, Renounce Religion


You were on level 8 of the Dungeon.
You worshipped Gozag.
Gozag was pleased with you.
You were not hungry.

You visited 1 branch of the dungeon, and saw 8 of its levels.

You collected 995 gold pieces.
You spent 340 gold pieces at shops.
You paid 48 gold pieces to Gozag.

Inventory:

Hand Weapons
 a - a +2 flail of crushing (weapon)
 b - a +0 hunting sling of freezing
 L - a +2 dagger of venom
Missiles
 m - 58 poisoned needles
 r - 73 arrows
 s - 202 stones (quivered)
 D - 42 sling bullets
 F - 5 tomahawks
 N - 15 bolts
Armour
 c - a +0 shield (worn)
 u - a +2 cloak (worn)
 z - a cursed +0 pair of boots (worn)
 G - a +0 scale mail (worn)
 K - a +0 plate armour
Jewellery
 x - a +2 ring of evasion (left hand)
 O - an uncursed ring of wizardry {unknown}
Scrolls
 f - 3 scrolls of magic mapping {unknown}
 g - 5 scrolls of identify {unknown}
 i - 2 scrolls of fear {unknown}
 k - a scroll of immolation {unknown}
 l - 2 scrolls of amnesia {unknown}
 v - 2 scrolls of enchant weapon {unknown}
 y - 4 scrolls of teleportation {unknown}
 B - 2 scrolls of remove curse {unknown}
 E - a scroll of noise {unknown}
 I - a scroll of brand weapon {unknown}
Potions
 j - a potion of heal wounds {unknown}
 n - 2 potions of brilliance
 H - 2 potions of lignification {unknown}
 J - a potion of agility {unknown}
 M - a potion of magic
 P - a potion of curing {@q1}
Comestibles
 e - 5 bread rations {@e1}
 q - 2 meat rations {@e2}


   Skills:
 + Level 7.8 Fighting
 + Level 4.1 Short Blades
 + Level 4.1 Long Blades
 + Level 4.1 Axes
 + Level 6.2 Maces & Flails
 + Level 4.1 Polearms
 + Level 4.1 Staves
 + Level 4.1 Slings
 + Level 4.1 Bows
 + Level 4.1 Crossbows
 + Level 4.1 Throwing
 + Level 7.8 Armour
 + Level 4.1 Dodging
 + Level 4.1 Stealth
   Level 0.0 Stabbing
 + Level 7.8 Shields
   Level 0.0 Traps
 + Level 4.1 Unarmed Combat
 + Level 4.1 Spellcasting
 + Level 4.1 Conjurations
 + Level 4.1 Hexes
 + Level 4.1 Charms
 + Level 4.1 Summonings
 + Level 4.1 Necromancy
 + Level 4.1 Translocations
 + Level 4.1 Transmutations
 + Level 4.1 Fire Magic
 + Level 4.1 Ice Magic
 + Level 4.1 Air Magic
 + Level 4.1 Earth Magic
 + Level 4.1 Poison Magic
 + Level 4.1 Invocations
 + Level 4.1 Evocations


You had 16 spell levels left.
You didn't know any spells.

Dungeon Overview and Level Annotations

Branches:
Dungeon (8/15)             Temple (0/1) D:4
   Lair: D:8-11

Altars:
Ashenzari
Elyvilon
Gozag
Qazlal
Xom

Shops:
D:4 :([


Innate Abilities, Weirdness & Mutations

Your experience applies equally to all skills.
You have very sharp teeth.
Your uncanny sense of smell can sniff out nearby items.


Message History

The orc is no longer distracted by gold.
You block the quokka's attack.
The orc priest looks braver for a moment.
You hit the quokka.
You kill the quokka!
The orc barely misses you.
You hit the orc.
You kill the orc!
The orc priest is distracted by the nearby gold.
You closely miss the orc.
The orc priest shouts!
You block the orc's attack.
You sock the orc!
You kill the orc!
Items here: $ ))) [ 28 gold pieces; a whip; a club; a hand axe; a leather armour You thump the orc priest!
The orc priest is no longer distracted by gold.
The orc priest is severely wounded.
The orc priest is distracted by the nearby gold.
The orc priest shouts!
You sock the orc priest!
You kill the orc priest!
No target in view!
No target in view!
No target in view!
No target in view!
No target in view!
No target in view!
No target in view!
No target in view!
No target in view!
No target in view!
No target in view!
No target in view!
No target in view!
No target in view!
No target in view!
No target in view!
No target in view!
No target in view!
No target in view!
No target in view!
No target in view!
No target in view!
You now have 591 gold pieces (gained 28).
Items here: ))) [ a whip; a club; a hand axe; a leather armour You now have 594 gold pieces (gained 3).
You see here a leather armour.
Key pressed, stopping explore.
You now have 607 gold pieces (gained 13).
Key pressed, stopping explore.
There is an open door here.
Done exploring.
Health restored: 74 Unknown command.
(D) Dungeon (T) Temple
Where to? (? - help)
There is a stone staircase leading down here.
You climb downwards.
There is a stone staircase leading up here.
Unknown command.
A white ugly thing comes into view.
The white ugly thing gurgles horribly!
There is a stone staircase leading up here.
You hit the white ugly thing.
The white ugly thing is lightly wounded.
You block the white ugly thing's attack.
The white ugly thing barely misses you.
You hit the white ugly thing.
The white ugly thing is lightly wounded.
The white ugly thing misses you.
You sock the white ugly thing!
The white ugly thing is moderately wounded.
The white ugly thing closely misses you.
You sock the white ugly thing!
The white ugly thing is heavily wounded.
You hear a distant slurping noise.
The white ugly thing pecks you! The white ugly thing freezes you!
You take 24 damage, and have 50/74 hp.
MASSIVE DAMAGE!!
You closely miss the white ugly thing.
The white ugly thing is heavily wounded.
The white ugly thing pecks you but does no damage.
You hit the white ugly thing.
The white ugly thing is heavily wounded.
The white ugly thing pecks you! The white ugly thing freezes you!
* * * LOW HITPOINT WARNING * * *
You take 27 damage, and have 23/74 hp.
MASSIVE DAMAGE!!
You closely miss the white ugly thing.
The white ugly thing is heavily wounded.
You block the white ugly thing's attack. x2
Unknown command.
You barely miss the white ugly thing.
The white ugly thing is heavily wounded.
The white ugly thing pecks you.
* * * LOW HITPOINT WARNING * * *
The white ugly thing freezes you!!
You die...
Your body crumbles into a pile of gold.

██ █.
█████.███
.......█
.███.█.█.█
.........█████
.............█
.....█.█u█████
..█ ...█@█
█.█.███ █... █
█. ██


You could see a white ugly thing.

Vanquished Creatures
  Grinder (D:5)
  The ghost of tilp the Firebug, an amateur HOFE (D:3)
  Menkaure (D:7)
  2 orc warriors (D:6)
  2 ogres
  A centaur (D:6)
  A scorpion (D:5)
  A water moccasin skeleton (D:7)
  2 jellies
  2 howler monkeys
  4 crimson imps
  7 orc priests
  A centaur skeleton (D:7)
  A gnoll shaman (D:7)
  A hound (D:7)
  8 orc wizards
  2 bullfrog skeletons
  Natasha (twice) (D:2)
  2 worker ants
  A worker ant zombie (D:5)
  8 gnolls
  8 adders
  2 shadow imps
  An ooze (D:3)
  An adder skeleton (D:4)
  An adder zombie (D:5)
  A worm (D:4)
  6 dart slugs
  5 leopard geckos
  28 orcs
  3 giant cockroaches
  9 hobgoblins
  7 jackals
  A quokka (D:7)
  3 ball pythons
  6 bats
  5 frilled lizards
  7 goblins
  A jackal skeleton (D:4)
  2 kobolds
  A leopard gecko skeleton (D:4)
  A quokka skeleton (D:4)
  14 rats
164 creatures vanquished.

Vanquished Creatures (others)
  A worker ant (D:4)
1 creature vanquished.

Grand Total: 165 creatures vanquished

Notes
Turn   | Place    | Note
-------+----------+-------------------------------------------
     0 | D:1      | Goblin1989 the Gnoll Fighter began the quest for the Orb.
     0 | D:1      | Reached XP level 1. HP: 23/23 MP: 1/1
   122 | D:1      | Reached XP level 2. HP: 20/29 MP: 2/2
   554 | D:1      | Reached XP level 3. HP: 35/35 MP: 3/3
  1367 | D:2      | Reached skill level 1 in Short Blades
  1367 | D:2      | Reached skill level 1 in Long Blades
  1367 | D:2      | Reached skill level 1 in Axes
  1367 | D:2      | Reached skill level 1 in Polearms
  1367 | D:2      | Reached skill level 1 in Staves
  1367 | D:2      | Reached skill level 1 in Slings
  1367 | D:2      | Reached skill level 1 in Bows
  1367 | D:2      | Reached skill level 1 in Crossbows
  1367 | D:2      | Reached skill level 1 in Throwing
  1367 | D:2      | Reached skill level 1 in Dodging
  1367 | D:2      | Reached skill level 1 in Stealth
  1367 | D:2      | Reached skill level 1 in Unarmed Combat
  1367 | D:2      | Reached skill level 1 in Spellcasting
  1367 | D:2      | Reached skill level 1 in Conjurations
  1367 | D:2      | Reached skill level 1 in Hexes
  1367 | D:2      | Reached skill level 1 in Charms
  1367 | D:2      | Reached skill level 1 in Summonings
  1367 | D:2      | Reached skill level 1 in Necromancy
  1367 | D:2      | Reached skill level 1 in Translocations
  1367 | D:2      | Reached skill level 1 in Transmutations
  1367 | D:2      | Reached skill level 1 in Fire Magic
  1367 | D:2      | Reached skill level 1 in Ice Magic
  1367 | D:2      | Reached skill level 1 in Air Magic
  1367 | D:2      | Reached skill level 1 in Earth Magic
  1367 | D:2      | Reached skill level 1 in Poison Magic
  1367 | D:2      | Reached skill level 1 in Invocations
  1367 | D:2      | Reached skill level 1 in Evocations
  1367 | D:2      | Reached XP level 4. HP: 41/41 MP: 5/5
  1493 | D:2      | Found a stormy altar of Qazlal.
  1646 | D:2      | Reached XP level 5. HP: 47/47 MP: 6/6
  1738 | D:2      | Noticed Natasha
  1744 | D:2      | Killed Natasha
  1812 | D:2      | Noticed Natasha
  1821 | D:2      | Killed Natasha
  2316 | D:3      | Reached XP level 6. HP: 46/53 MP: 8/8
  2583 | D:3      | Noticed tilp's ghost (amateur HOFE)
  2613 | D:3      | Killed tilp's ghost
  2613 | D:3      | Reached skill level 5 in Maces & Flails
  2916 | D:3      | Found an opulent altar of Gozag.
  3001 | D:3      | Became a worshipper of Gozag Ym Sagoz the Greedy
  3086 | D:4      | Reached XP level 7. HP: 59/59 MP: 10/10
  3134 | D:4      | Found a staircase to the Ecumenical Temple.
  3182 | D:4      | Found Otteixyck's Armour Boutique.
  3467 | D:4      | Found Voguhaz's Antique Weapon Boutique.
  3521 | D:4      | Bought a glowing flail for 201 gold pieces
  3521 | D:4      | Bought a glowing hunting sling for 139 gold pieces
  3565 | D:4      | Found Bimuhon's Book Shop.
  3664 | D:5      | Entered Level 5 of the Dungeon
  4038 | D:5      | Noticed Grinder
  4047 | D:5      | Killed Grinder
  4047 | D:5      | Reached XP level 8. HP: 32/67 MP: 12/12
  4594 | D:6      | Noticed a two-headed ogre
  4630 | D:7      | Noticed Menkaure
  4636 | D:7      | Killed Menkaure
  4636 | D:7      | Reached XP level 9. HP: 17/72 MP: 14/14
  4660 | D:7      | Upgraded the game from 0.21-a0-331-gfb491b4 to 0.21-a0-338-g36cf2fc
  4967 | D:7      | Found a deep blue altar of Sif Muna.
  5474 | D:7      | Found a white marble altar of Elyvilon.
  5524 | D:7      | Found a shattered altar of Ashenzari.
  5524 | D:7      | Found a shimmering altar of Xom.
  5524 | D:7      | Found an opulent altar of Gozag.
  5524 | D:7      | Found a shattered altar of Ashenzari.
  5524 | D:7      | Found a shattered altar of Ashenzari.
  5640 | D:8      | Noticed a white ugly thing
  5655 | D:8      | Demolished by a white ugly thing

Vault maps used:
D:1:      nicolae_arrival_washed_ashore, serial_forest,
          infiniplex_forest_lined_room_2, infiniplex_forest_lined_ring,
          infiniplex_forest_clump_small, infiniplex_forest_lined_corner,
          infiniplex_forest_lined_corner, infiniplex_forest_lined_3,
          infiniplex_forest_lined_ring, infiniplex_forest_corner_1,
          infiniplex_forest_clump_double, infiniplex_forest_lined_2
D:2:      minmay_door_path, grunt_qazlal_clouds, uniq_natasha
D:3:      nicolae_gozag_seed_capital, first_bread
D:4:      minmay_temple_entry_large_hall, serial_shops, shop_coins,
          kennysheep_mini, shop_statue, lemuel_old_faithful
D:5:      uniq_grinder
D:6:      fedhas_altar_2
D:7:      doesnt_xom_only_xom, basic_altar, uniq_menkaure
D:8:      gammafunk_cloud_chamber, grunt_temple_overflow_holy_war,
          gammafunk_temple_overflow_elements, uniq_prince_ribbit1

Skill      XL: |  1  2  3  4  5  6  7  8  9 |
---------------+----------------------------+-----
Short Blades   | 1 2 3 4 |  4.1
Long Blades    | 1 2 3 4 |  4.1
Axes           | 1 2 3 4 |  4.1
Polearms       | 1 2 3 4 |  4.1
Staves         | 1 2 3 4 |  4.1
Slings         | 1 2 3 4 |  4.1
Bows           | 1 2 3 4 |  4.1
Crossbows      | 1 2 3 4 |  4.1
Throwing       | 1 2 3 4 |  4.1
Dodging        | 1 2 3 4 |  4.1
Stealth        | 1 2 3 4 |  4.1
Unarmed Combat | 1 2 3 4 |  4.1
Spellcasting   | 1 2 3 4 |  4.1
Conjurations   | 1 2 3 4 |  4.1
Hexes          | 1 2 3 4 |  4.1
Charms         | 1 2 3 4 |  4.1
Summonings     | 1 2 3 4 |  4.1
Necromancy     | 1 2 3 4 |  4.1
Translocations | 1 2 3 4 |  4.1
Transmutations | 1 2 3 4 |  4.1
Fire Magic     | 1 2 3 4 |  4.1
Ice Magic      | 1 2 3 4 |  4.1
Air Magic      | 1 2 3 4 |  4.1
Earth Magic    | 1 2 3 4 |  4.1
Poison Magic   | 1 2 3 4 |  4.1
Invocations    | 1 2 3 4 |  4.1
Evocations     | 1 2 3 4 |  4.1
Maces & Flails | 5 6 |  6.2
Fighting       | 7 |  7.8
Armour         | 7 |  7.8
Shields        | 7 |  7.8

Action                   |  1- 3 |  4- 6 |  7- 9 || total
-------------------------+-------+-------+-------++-------
Melee: Flail             |    99 |   190 |   298 ||   587
       Bite              |     9 |    18 |    44 ||    71
       Dagger            |       |       |     4 ||     4
 Fire: Hunting sling     |       |       |     4 ||     4
Invok: Potion Petition   |       |       |     1 ||     1
  Use: Potion            |       |       |     7 ||     7
 Stab: Invisible         |       |       |     4 ||     4
  Eat: Chunk             |     2 |     5 |       ||     7
       Royal jelly       |       |       |     2 ||     2
       Meat ration       |       |       |     1 ||     1
Armor: Scale mail        |    32 |    79 |    85 ||   196
Dodge: Dodged            |    24 |    78 |   126 ||   228
Block: Shield            |    44 |   134 |   165 ||   343

Table legend:
 A = Spawn XP
 B = Non-spawn XP
 C = Spawn XP percentage of total XP
 D = Spawn monster count
 E = Non-spawn monster count
 F = Spawn count percentage of total count
 G = Total turns spent on level
                    A         B        C        D         E        F      G
               +---------+---------+-------+---------+---------+-------+---------
         Total |       0 |    3241 |   0.0 |       0 |     164 |   0.0 |  5655
               +---------+---------+-------+---------+---------+-------+---------
           D:1 |       0 |      40 |   0.0 |       0 |      19 |   0.0 |  1037
           D:2 |       0 |     198 |   0.0 |       0 |      28 |   0.0 |  1008
           D:3 |       0 |     333 |   0.0 |       0 |      24 |   0.0 |  1008
           D:4 |       0 |     272 |   0.0 |       0 |      21 |   0.0 |   611
           D:5 |       0 |     610 |   0.0 |       0 |      17 |   0.0 |   561
           D:6 |       0 |     851 |   0.0 |       0 |      25 |   0.0 |   452
           D:7 |       0 |     937 |   0.0 |       0 |      30 |   0.0 |   959
               +---------+---------+-------+---------+---------+-------+---------

Vault maps used:
D:1:      nicolae_arrival_washed_ashore, serial_forest,
          infiniplex_forest_lined_room_2, infiniplex_forest_lined_ring,
          infiniplex_forest_clump_small, infiniplex_forest_lined_corner,
          infiniplex_forest_lined_corner, infiniplex_forest_lined_3,
          infiniplex_forest_lined_ring, infiniplex_forest_corner_1,
          infiniplex_forest_clump_double, infiniplex_forest_lined_2
D:2:      minmay_door_path, grunt_qazlal_clouds, uniq_natasha
D:3:      nicolae_gozag_seed_capital, first_bread
D:4:      minmay_temple_entry_large_hall, serial_shops, shop_coins,
          kennysheep_mini, shop_statue, lemuel_old_faithful
D:5:      uniq_grinder
D:6:      fedhas_altar_2
D:7:      doesnt_xom_only_xom, basic_altar, uniq_menkaure
D:8:      gammafunk_cloud_chamber, grunt_temple_overflow_holy_war,
          gammafunk_temple_overflow_elements, uniq_prince_ribbit1
